 Dungeon Crawl Stone Soup version 0.28-a0-407-g69098e2f6d (webtiles) character file.

Game seed: 13106374852320730793

623858 Spaninq the Axe Maniac (level 27, 0/245 HPs)
             Began as a Hill Orc Cinder Acolyte on Sept 5, 2021.
             Was a High Priest of Okawaru.
             Killed from afar by an orb of fire (2 damage)
             ... with a fireball
             ... on level 5 of the Realm of Zot on Sept 6, 2021.
             The game lasted 04:44:30 (90336 turns).

Spaninq the Axe Maniac (Hill Orc Cinder Acolyte)   Turns: 90336, Time: 04:44:31

Health: 0/245      AC: 46    Str: 33    XL:     27
Magic:  37/37      EV: 26    Int: 14    God:    Okawaru [*****.]
Gold:   6650       SH:  0    Dex:  8    Spells: 25/28 levels left

rFire   + + .      SeeInvis +   e - +8 frozen axe "Frostbite" {freezing cloud, *Noise Fly rC+}
rCold   + + .      Faith    .   (shield currently unavailable)
rNeg    . . .      Spirit   .   U - +7 gold dragon scales
rPois   +          Reflect  .   u - +2 helmet of Firiovuo {-Cast rElec rPois Str+3}
rElec   +          Harm     .   d - +0 cloak {Will+}
rCorr   +          Rampage  .   A - +2 pair of gloves {archery}
Will    ++++.      NoCast   +   O - +2 pair of boots
Stlth   ..........              J - amulet of the acrobat
HPRegen 0.00/turn               Z - ring of Wisdom {rF+ SInv}
MPRegen 0.25/turn               C - ring of Jeahocs {Will+ rCorr}

@: acrobatic, flying, inhibited regen, studying Evocations
A: deterioration 1, frail 1, sense surroundings 1, screaming 1, inhibited
regeneration, strong 1
}: 3/15 runes: decaying, silver, gossamer
a: Renounce Religion, Heroism, Finesse, Duel


You were on level 5 of the Realm of Zot.
You worshipped Okawaru.
Okawaru was extremely pleased with you.
You visited 9 branches of the dungeon, and saw 47 of its levels.
You also visited: Ossuary, Ice Cave and Volcano.

You collected 9838 gold pieces.
You spent 3188 gold pieces at shops.

Inventory:

Hand Weapons
 a - a +3 executioner's axe of flaming
 e - the +8 frozen axe "Frostbite" (weapon) {freezing cloud, *Noise Fly rC+}
   (You acquired it on level 5 of the Dungeon)

   It freezes those it strikes, dealing additional cold damage.
   It can also slow down cold-blooded creatures.
   It occasionally leaves clouds of freezing vapour upon striking a foe.
   It grants immunity to clouds of freezing vapour.
   rC:        It protects you from cold.
   Fly:       It grants you flight.
   *Noise:    It may make noises in combat.
 p - a +9 hand crossbow of freezing
 y - the +7 lajatang of Order {silver, rMut}
   (You bought it in a shop on level 4 of the Vaults)

   It inflicts extra damage upon those it strikes, and deals substantially
   increased damage to chaotic, mutated and magically transformed beings.
   rMut:      It protects you from mutation.
 I - the +10 whip "Imuhuen" {holy, rCorr}
   (You found it on level 1 of the Lair of Beasts)

   It has been blessed by the Shining One to cause great damage to the undead
   and demons.
   rCorr:     It protects you from acid and corrosion.
Missiles
 q - 1519 bolts
Armour
 d - a +0 cloak of willpower (worn)
 u - the +2 helmet of Firiovuo (worn) {-Cast rElec rPois Str+3}
   (You acquired it on level 3 of the Swamp)

   Str:       It affects your strength (+3).
   rElec:     It insulates you from electricity.
   rPois:     It protects you from poison.
   -Cast:     It prevents spellcasting.
 A - a +2 pair of gloves of archery (worn)
 O - a +2 pair of boots (worn)
 U - +7 gold dragon scales (worn)
Jewellery
 k - a ring of protection from cold
 n - a ring of positive energy
 C - the ring of Jeahocs (right hand) {Will+ rCorr}
   (You bought it in a shop on level 2 of the Orcish Mines)

   [ring of willpower]

   rCorr:     It protects you from acid and corrosion.
   Will:      It increases your willpower.
 J - an amulet of the acrobat (around neck)
 K - the ring of Rizolan {rPois rCorr Slay+3 Stlth+}
   (You found it on level 2 of the Depths)

   [ring of resist corrosion]

   Slay:      It affects your accuracy & damage with ranged weapons and melee
   (+3).
   rPois:     It protects you from poison.
   rCorr:     It protects you from acid and corrosion.
   Stlth:     It makes you more stealthy.
 P - a ring of willpower
 S - the ring "Qytuf" {rPois rF+ rC+ Str+2}
   (You took it off a centaur warrior on level 2 of the Vaults)

   [ring of protection from cold]

   Str:       It affects your strength (+2).
   rF:        It protects you from fire.
   rC:        It protects you from cold.
   rPois:     It protects you from poison.
 V - the amulet of the Genius {Regen+ Stlth+}
   (You took it off a frost giant on level 5 of the Vaults)

   [amulet of regeneration]

   Regen:     It increases your rate of health regeneration.
   Stlth:     It makes you more stealthy.
 Y - a ring of positive energy
 Z - the ring of Wisdom (left hand) {rF+ SInv}
   (You took it off a yaktaur on level 2 of the Vaults)

   [ring of protection from fire]

   rF:        It protects you from fire.
   SInv:      It lets you see invisible.
Wands
 f - a wand of digging (5)
 j - a wand of flame (16)
 t - a wand of paralysis (33)
 H - a wand of polymorph (30)
 L - a wand of iceblast (43)
 M - a wand of mindburst (44)
 X - a wand of acid (57)
Scrolls
 c - 20 scrolls of teleportation
 r - 11 scrolls of fear
 x - 2 scrolls of magic mapping
 E - 9 scrolls of fog
 G - 5 scrolls of amnesia
 N - a scroll of holy word
 R - a scroll of silence
 W - a scroll of brand weapon
Potions
 b - 10 potions of brilliance
 g - 23 potions of curing
 h - 4 potions of cancellation
 i - 5 potions of resistance
 l - a potion of heal wounds
 o - 7 potions of magic
 v - 4 potions of invisibility
 z - 3 potions of might
 D - 4 potions of haste
 Q - 3 potions of mutation
 T - 2 potions of berserk rage
Miscellaneous
 m - a lightning rod (4/4)
 B - a condenser vane
 F - a phial of floods


   Skills:
 O Level 27 Fighting
 O Level 27 Axes
 - Level 12.7 Staves
 - Level 11.8 Crossbows
 + Level 24.5 Armour
 + Level 12.8 Dodging
 - Level 3.2 Shields
 - Level 1.0 Spellcasting
 - Level 3.2 Fire Magic
 - Level 20.0 Invocations
 + Level 15.9 Evocations


You had 25 spell levels left.
You knew the following spells:

 Your Spells              Type           Power      Damage    Failure   Level
a - Scorch                Fire           18%        2d6       50%         2
b - Apportation           Tloc           0%         N/A       82%         1

Your spell library contained the following spells:

 Spells                   Type           Power      Damage    Failure   Level
 Beastly Appendage        Tmut           0%         N/A       82%         1
 Corona                   Hex            0%         N/A       82%         1
 Magic Dart               Conj           0%         1d3       82%         1
 Pain                     Necr           0%         1d4       82%         1
 Shock                    Conj/Air       0%         1d3       82%         1
 Blink                    Tloc           N/A        N/A       91%         2
 Corpse Rot               Necr/Air       N/A        N/A       91%         2
 Ensorcelled Hibernation  Hex/Ice        0%         N/A       91%         2
 Passwall                 Tmut/Erth      0%         N/A       91%         2
 Poisonous Vapours        Pois/Air       0%         N/A       91%         2
 Searing Ray              Conj           0%         3d3       91%         2
 Slow                     Hex            0%         N/A       91%         2
 Static Discharge         Conj/Air       0%         N/A       91%         2
 Wereblood                Tmut           0%         N/A       91%         2
 Conjure Flame            Conj/Fire      5%         6-21      92%         3
 Confusing Touch          Hex            0%         N/A       99%         3
 Frozen Ramparts          Ice            0%         1d2       99%         3
 Gell's Gravitas          Tloc           0%         N/A       99%         3
 Lesser Beckoning         Tloc           0%         N/A       99%         3
 Mephitic Cloud           Conj/Pois/Air  0%         N/A       99%         3
 Portal Projectile        Hex/Tloc       0%         N/A       99%         3
 Spider Form              Tmut/Pois      0%         N/A       99%         3
 Stone Arrow              Conj/Erth      0%         3d7       99%         3
 Swiftness                Air            0%         N/A       99%         3
 Teleport Other           Tloc           0%         N/A       99%         3
 Vampiric Draining        Necr           0%         2d6       99%         3
 Airstrike                Air            0%         N/A       100%        4
 Cause Fear               Hex            0%         N/A       100%        4
 Dispel Undead            Necr           0%         3d6       100%        4
 Fulminant Prism          Conj/Hex       0%         3d6       100%        4
 Hailstorm                Conj/Ice       0%         3d3       100%        4
 Ice Form                 Ice/Tmut       0%         N/A       100%        4
 Iskenderun's Mystic Bla  Conj/Tloc      0%         2d3       100%        4
 Leda's Liquefaction      Hex/Erth       0%         N/A       100%        4
 Passage of Golubria      Tloc           N/A        N/A       100%        4
 Agony                    Necr           0%         N/A       100%        5
 Blade Hands              Tmut           0%         N/A       100%        5
 Excruciating Wounds      Necr           0%         N/A       100%        5
 Freezing Cloud           Conj/Ice/Air   0%         6-21      100%        5
 Iskenderun's Battlesphe  Conj           0%         2d6       100%        5
 Lee's Rapid Deconstruct  Erth           0%         3d5*      100%        5
 Lightning Bolt           Conj/Air       0%         1d11      100%        5
 Manifold Assault         Tloc           0%         N/A       100%        5
 Yara's Violent Unravell  Hex/Tmut       0%         3d3       100%        5
 Conjure Ball Lightning   Conj/Air       0%         3x3d6     100%        6
 Dispersal                Tloc           0%         N/A       100%        6
 Iron Shot                Conj/Erth      0%         9d1       100%        6
 Statue Form              Tmut/Erth      0%         N/A       100%        6
 Dragon Form              Tmut           0%         N/A       100%        7
 Orb of Destruction       Conj           0%         N/A       100%        7
 Borgnjor's Revivificati  Necr           0%         N/A       100%        8
 Lehudib's Crystal Spear  Conj/Erth      0%         10d2      100%        8
 Maxwell's Capacitive Co  Air            0%         ∞         100%        8
 Necromutation            Tmut/Necr      0%         N/A       100%        8
 Death's Door             Necr           0%         N/A       100%        9
 Polar Vortex             Ice            0%         N/A       100%        9
 Animate Skeleton         Necr           Unusable   N/A       N/A         1
 Summon Small Mammal      Summ           Unusable   N/A       N/A         1
 Summon Guardian Golem    Hex/Summ       Unusable   N/A       N/A         3
 Tukima's Dance           Hex            Unusable   N/A       N/A         3
 Animate Armour           Summ/Erth      Unusable   N/A       N/A         4
 Death Channel            Necr           Unusable   N/A       N/A         6
 Simulacrum               Ice/Necr       Unusable   N/A       N/A         6
 Spellforged Servitor     Conj/Summ      Unusable   N/A       N/A         7
 Dragon's Call            Summ           Unusable   N/A       N/A         9

Dungeon Overview and Level Annotations

Branches:
Dungeon (15/15)            Temple (1/1) D:4            Lair (6/6) D:9
  Swamp (4/4) Lair:4       Spider (4/4) Lair:4        Slime (0/5) Lair:5
    Orc (2/2) D:9             Elf (0/3) Orc:2        Vaults (5/5) D:13
  Crypt (0/3) Vaults:3     Depths (5/5) D:15            Zot (5/5) Depths:5
Ossuary (visited)           IceCv (visited)         Volcano (visited)

Altars:
Ashenzari
Cheibriados
Dithmenos
Elyvilon
Fedhas
Gozag
Hepliaklqana
Kikubaaqudgha
Makhleb
Nemelex Xobeh
Okawaru
Qazlal
Ru
Sif Muna
Trog
Uskayaw
Vehumet
Wu Jian
Xom
Yredelemnul
Zin
The Shining One
Beogh

Shops:
D:5 *   D:12 (   Orc:1 *   Orc:2 *:[=   Vaults:2 (   Vaults:3 (   Vaults:4 *:

Portals:
Hell: Depths:1 Depths:2 Depths:3 Depths:4 Depths:5
Abyss: Orc:2 Depths:2 Depths:4
Pandemonium: Depths:3 Depths:4
Ziggurat: Depths:3

Annotations:
Lair:4 exclusion: oklob plant
Lair:5 exclusion: oklob plant
Spider:1 2 transporters, Shayle's ghost, adept DjWr
Depths:4 2 runed translucent doors, Heuseom's ghost, adept NaFi


Innate Abilities, Weirdness & Mutations

Your body sometimes deteriorates upon taking damage.
You are frail. (-10% HP)
You passively map a small area around you.
You occasionally shout uncontrollably at your foes.
You do not regenerate when monsters are visible.
Your muscles are strong. (Str +2)


Message History

Okawaru is honoured by your kill. Okawaru grants you ammunition!
Something appears at your feet! Okawaru crowns you victorious!
An exit appears.
You feel your dexterity returning.
q - 1519 bolts (gained 10)
There is an empty arch of ancient stone here.
You can read scrolls again.
The spectator jeers repeatedly at you.
The spectator cheers loudly.
The spectator mumbles to another spectator.
You start resting.
Okawaru bids you farewell from the Arena.
You start resting.
The spectator mutters to another spectator.
You are returned from the Arena.
Welcome back to the Realm of Zot!
Blink to where?
Press: ? - help, Dir - move target
As you read the scroll of blinking, it crumbles to dust.
The orb of fire glows yellow.
The bolt of fire hits you! You resist.
* * * LOW HITPOINT WARNING * * *
The red draconian hits you but does no damage.
The red draconian breathes fire at you. The searing blast misses you.
The orb of fire glows red.
The fireball explodes!
The fireball engulfs you! You resist.
* * * LOW HITPOINT WARNING * * *
The red draconian breathes fire at you. The searing blast hits you! You resist.
* * * LOW HITPOINT WARNING * * *
The orb of fire emits a lurid red light.
The fireball explodes!
The fireball engulfs you!! You resist.
* * * LOW HITPOINT WARNING * * *
The red draconian breathes fire at you. The searing blast misses you.
The orb of fire glows yellow.
The fireball explodes!
The fireball engulfs you. You resist.
You die...

....^.# ##.............##
*,,,,,, ......#
#q............# *,,,,,,
......# ##**.........##
*,,,,,, ......#
#...^......!# *,,,,,,
......# ##.....d.....##
*,,,,,, .....##
#.............# **,,,,,
..^.## ##.............##
**,,,, ...##
#...............# **,,,
***#▓▓▓▓########@########
**** #...#........☼.)#
#.#..........##'###
#.#..........#....#
########
#.#..........#....#
#....?.#
####+#....(.....#....#
#......#
........⌠.......#....#
#....(.###
.............#####'###
#......#.. ......########
#.#####......#..


You could see 2 orbs of fire, a red draconian (catching breath) and a white
draconian annihilator.

Vanquished Creatures
  A dread lich (Vaults:3)
  3 orbs of fire
  Mennas (Vaults:2)
  the Lernaean hydra (Swamp:4)
  Boris (Vaults:2)
  2 Killer Klowns
  A shard shrike (Zot:2)
  Xtahua (Vaults:2)
  Bai Suzhen (Swamp:3)
  Margery (Depths:3)
  2 curse toes
  5 golden dragons
  Nikola (Vaults:2)
  The ghost of vegansnacktivist the Executioner, an adept DDFi of Makhleb (Vaults:1)
  2 bone dragons (Depths:5)
  3 electric golems (Zot:2)
  Jorgrun (Swamp:1)
  Rupert (Lair:3)
  21 tentacled monstrosities
  The ghost of finalsalamander the Severer, an adept NaWn of Gozag (Swamp:3)
  10 Orb Guardians (Zot:5)
  An Ice Fiend (IceCv)
  4 liches
  9 quicksilver dragons
  14 titans
  The ghost of EnronHubbard the Devastator, an adept HOFE of Hepliaklqana (Spider:3)
  A tentacled starspawn (Orc:2)
  2 thorn hunters
  2 death cobs
  10 shadow dragons
  Frances (D:14)
  Kirke (Swamp:1)
  3 sphinxes
  6 tengu reavers
  13 storm dragons
  Donald (Spider:4)
  2 revenants (Vaults:3)
  4 draconian monks
  The ghost of Urghud the Bludgeoner, a journeyman MiBe of Trog (Swamp:2)
  8 draconian scorchers
  12 frost giants
  11 fire giants
  2 deep elf sorcerers
  24 vault wardens
  9 ghost moths
  The ghost of GEC the Impassioned, a journeyman DsGl of Uskayaw (Orc:2)
  6 draconian knights
  A balrug (Depths:5)
  4 emperor scorpions
  Aizul (Swamp:3)
  3 ghouls
  4 iron dragons
  18 ironbound preservers
  A deep elf elementalist (Depths:4)
  2 orc warlords
  A spriggan defender (Depths:3)
  6 draconian annihilators
  6 war gargoyles
  16 stone giants
  30 very ugly things
  5 draconian shifters
  4 draconian stormcallers
  4 vampire knights
  A stone giant (shapeshifter) (Vaults:2)
  10 green draconians
  9 red draconians
  9 spark wasps
  3 black draconians
  2 deep elf annihilators
  15 white draconians
  3 dire elephants
  The ghost of Dootley the Carver, a journeyman FoFi of Dithmenos (Orc:1)
  3 bunyips
  8 entropy weavers
  5 purple draconians
  15 yellow draconians
  23 ettins
  8 eleionomae
  The ghost of Malacante the Basher, a journeyman GnCA of Ignis (Lair:2)
  10 great orbs of eyes
  2 deep elf death magi (Vaults:5)
  19 yaktaur captains
  2 deep elf high priests
  17 fire dragons
  2 shambling mangroves
  Erolcha (Orc:2)
  13 boulder beetles
  5 rakshasas
  11 ice dragons
  A caustic shrike simulacrum (Depths:4)
  A catoblepas (Lair:5)
  5 ogre magi
  47 vault guards
  11 ironbound thunderhulks
  A ghost crab (Swamp:3)
  29 hydras
  16 centaur warriors
  7 ironbound frosthearts
  4 spriggan air magi
  28 two-headed ogres
  19 death yaks
  Erica (Lair:2)
  12 deep troll earth magi
  7 deep troll shamans
  9 alligators
  5 tengu warriors
  4 ironbound beastmasters
  7 vampire magi
  9 spriggan berserkers
  An orc high priest (Orc:1)
  Nergalle (Lair:1)
  2 sun demons (Depths:5)
  15 hell knights
  A storm dragon zombie (D:15)
  A fire crab (Lair:4)
  A fire crab (shapeshifter) (D:11)
  6 goliath frogs
  7 iron trolls
  5 flayed ghosts
  A spark wasp zombie (D:15)
  A spectral hydra (Swamp:3)
  5 skeletal warriors
  An obsidian statue (IceCv)
  An orange crystal statue (Vaults:4)
  A deep elf archer (Volcano)
  2 spriggan druids
  55 deep trolls
  17 swamp dragons
  5 glowing orange brains
  A death drake (shapeshifter) (Vaults:5)
  5 necromancers
  7 phantasmal warriors
  22 ironbound convokers
  6 bog bodies
  20 orb spiders
  4 lindwurms
  7 orc knights
  6 wizards
  6 deep elf pyromancers
  54 ugly things
  A stone giant zombie (D:15)
  3 manticores
  A frost giant zombie (Depths:4)
  5 will-o-the-wisps
  31 wolf spiders
  6 cyclopes
  23 moths of wrath
  2 worldbinders (Orc:2)
  An ice statue (Lair:2)
  19 vault sentinels
  2 torpor snails
  A guardian serpent (Vaults:2)
  3 molten gargoyles (Lair:6)
  9 cane toads
  An eye of devastation (Vaults:2)
  A gargoyle (D:12)
  10 black mambas
  12 freezing wraiths
  31 yaktaurs
  3 rime drakes
  An efreet (D:13)
  3 entropy weaver simulacra (IceCv)
  3 tengu conjurers
  22 demonic crawlers
  15 komodo dragons
  An unseen horror (shapeshifter) (Depths:2)
  An ice devil (Depths:3)
  2 meliai (shapeshifter)
  An ancient zyme (Orc:2)
  32 jumping spiders
  14 trolls
  3 bloated husks
  4 polar bears
  6 meliai
  A raiju (Orc:2)
  8 tyrant leeches
  28 hornets
  4 dream sheep (Lair:6)
  29 slime creatures
  A spriggan zombie (D:15)
  A meliai zombie (D:10)
  25 blink frogs
  A dream sheep (shapeshifter) (Vaults:5)
  A slime creature (shapeshifter) (Vaults:5)
  2 dire elephant simulacra (IceCv)
  8 wyverns
  75 redbacks
  11 spriggans
  2 wraiths
  2 shadows
  31 tarantellas
  A vampire (D:12)
  4 spriggan simulacra (IceCv)
  5 basilisks
  47 yaks
  20 fire elementals
  A hog (shapeshifter) (Vaults:5)
  5 hogs (Swamp:1)
  17 vampire mosquitoes
  A minotaur simulacrum (IceCv)
  21 swamp worms
  6 wargs
  A death drake simulacrum (Swamp:3)
  2 acid dragons
  2 floating eyes
  A floating eye (shapeshifter) (Depths:3)
  8 hell hounds
  15 water moccasins
  3 hydra simulacra
  9 swamp drakes
  2 sky beasts (D:5)
  An ettin simulacrum (IceCv)
  23 orc warriors
  2 black bears (D:8)
  An ice beast (D:7)
  2 necrophages
  19 wolves
  24 ogres
  4 boggarts (Vaults:1)
  A large abomination (Orc:2)
  9 centaurs
  3 kobold brigands
  2 phantoms (D:6)
  7 bullfrogs
  A scorpion (D:6)
  A glowing shapeshifter simulacrum (Depths:4)
  3 deep troll simulacra (IceCv)
  A water moccasin zombie (D:3)
  A lindwurm simulacrum (IceCv)
  6 howler monkeys
  5 lava snakes (Lair:6)
  6 centaur zombies
  A jelly (D:4)
  A hound (shapeshifter) (Vaults:3)
  4 hounds
  A centaur skeleton (D:7)
  4 gnoll shamans
  14 orc priests
  3 iguanas
  20 orc wizards
  A howler monkey zombie (D:9)
  Robin (D:3)
  14 mummies (Ossuary)
  12 gnolls
  A howler monkey skeleton (D:7)
  14 adders
  A shadow imp (D:7)
  A white imp (D:6)
  An ufetubus (D:7)
  3 worms
  3 dart slugs
  53 orcs
  5 bats
  6 endoplasms
  A giant cockroach (D:3)
  8 goblins
  13 hobgoblins
  2 quokkas
  4 ball pythons
  2 frilled lizards
  A gnoll skeleton (Ossuary)
  A kobold (shapeshifter) (Vaults:4)
  27 kobolds
  2 kobold skeletons (Ossuary)
  5 orc skeletons (Ossuary)
  9 rats
  11 rat skeletons (Ossuary)
  5 briar patches (Swamp:1)
  A plant (Lair:4)
2056 creatures vanquished.

Vanquished Creatures (others)
  A hellephant (Zot:2)
  A fire giant (Depths:1)
  A frost giant (Depths:2)
  A draconian knight (Zot:3)
  A centaur warrior (Vaults:2)
  2 ironbound convokers (Vaults:2)
  A bloated husk (Swamp:3)
  A tyrant leech (Swamp:3)
  A spriggan (Swamp:1)
  A fire elemental (IceCv)
  A vampire mosquito (Swamp:3)
  An orc warrior (Vaults:5)
  An orc (Vaults:5)
  A bush (Lair:6)
  101 foxfires
  55 fungi
  57 plants
  A starspawn tentacle (Orc:2)
  4 withered plants (D:15)
233 creatures vanquished.

Grand Total: 2289 creatures vanquished

Notes
Turn   | Place    | Note
-------+----------+-------------------------------------------
     0 | D:1      | Spaninq the Hill Orc Cinder Acolyte began the quest for the
                  | Orb.
     0 | D:1      | Reached XP level 1. HP: 19/19 MP: 2/2
   260 | D:1      | Reached XP level 2. HP: 27/27 MP: 3/3
   271 | D:1      | Learned a level 2 spell: Scorch
   384 | D:1      | Reached skill level 1 in Armour
   536 | D:1      | Found a faded altar of an unknown god.
   779 | D:1      | Reached XP level 3. HP: 33/33 MP: 1/4
  1228 | D:2      | Reached skill level 5 in Axes
  1682 | D:2      | Reached XP level 4. HP: 34/40 MP: 0/5
  2356 | D:3      | Reached skill level 1 in Shields
  2356 | D:3      | Reached XP level 5. HP: 28/47 MP: 1/6
  2481 | D:3      | Noticed Robin
  2560 | D:3      | Noticed an ogre
  3223 | D:3      | Killed Robin
  3799 | D:4      | Noticed an ogre
  4110 | D:4      | Killed an ogre
  4111 | D:4      | Reached skill level 5 in Fighting
  4111 | D:4      | Reached XP level 6. HP: 20/56 MP: 3/7
  4665 | D:4      | Found a staircase to the Ecumenical Temple.
  4676 | Temple   | Entered the Ecumenical Temple
  5331 | D:5      | Entered Level 5 of the Dungeon
  5418 | D:5      | Identified a scroll of acquirement
  5418 | D:5      | Acquired the +8 frozen axe "Frostbite" {freezing cloud,
                  | *Noise Fly rC+}
  5418 | D:5      | Found the +8 frozen axe "Frostbite" {freezing cloud, *Noise
                  | Fly rC+}
  5523 | D:5      | Found Baisajif's General Store.
  5793 | D:5      | Reached XP level 7. HP: 61/61 MP: 8/8
  6648 | D:6      | Learned a level 1 spell: Apportation
  6728 | D:6      | Noticed a two-headed ogre
  6863 | D:5      | Bought a scroll of teleportation for 36 gold pieces
  6863 | D:5      | Bought a +0 cloak for 54 gold pieces
  7119 | D:6      | Reached XP level 8. HP: 70/70 MP: 9/9
  7360 | D:6      | Identified the +3 leather armour "Bigedac" {Drain Str+7
                  | Int+5}
  7481 | D:6      | Reached skill level 10 in Axes
  7892 | D:7      | Acquired 1191 gold pieces
  8056 | D:7      | Found a glowing silver altar of Zin.
  8149 | D:7      | Reached XP level 9. HP: 79/79 MP: 10/10
  8187 | D:7      | Reached skill level 5 in Armour
  8363 | D:7      | Found a sand-covered staircase.
  8368 | Ossuary  | Entered an ossuary
  9454 | D:5      | Bought a scroll of acquirement for 624 gold pieces
  9454 | D:5      | Acquired a manual of Fighting
  9500 | D:6      | Killed a two-headed ogre
  9604 | D:8      | Noticed a two-headed ogre
  9611 | D:8      | Killed a two-headed ogre
  9612 | D:8      | Reached skill level 10 in Fighting
  9612 | D:8      | Reached XP level 10. HP: 72/93 MP: 11/11
  9830 | D:8      | Paralysed by a hornet for 1 turns
  9917 | D:8      | Found a shimmering blue altar of Sif Muna.
 10284 | D:8      | Found a bloodstained altar of Trog.
 10307 | D:8      | Found a sacrificial altar of Ru.
 10602 | D:9      | Found an ancient bone altar of Kikubaaqudgha.
 10739 | D:9      | Noticed a death yak
 10744 | D:9      | Noticed a death yak
 10744 | D:9      | Noticed a death yak
 10745 | D:9      | Noticed a death yak
 10745 | D:9      | Noticed a death yak
 10750 | D:8      | Killed a death yak
 10816 | D:9      | Found a staircase to the Orcish Mines.
 10827 | D:8      | Reached XP level 11. HP: 70/104 MP: 12/12
 10961 | D:8      | Reached skill level 15 in Axes
 11604 | D:9      | Found a staircase to the Lair.
 11620 | D:9      | Noticed a death yak
 11638 | D:9      | Killed a death yak
 11651 | D:9      | Noticed a death yak
 11654 | D:9      | Noticed a death yak
 11676 | D:8      | Killed a death yak
 11686 | D:8      | Killed a death yak
 12157 | D:8      | Killed a death yak
 13181 | D:9      | Killed a death yak
 13185 | D:9      | Killed a death yak
 13186 | D:9      | Reached XP level 12. HP: 102/117 MP: 13/13
 13193 | D:9      | Killed a death yak
 13195 | D:9      | Reached skill level 10 in Armour
 13448 | Lair:1   | Entered Level 1 of the Lair of Beasts
 13577 | Lair:1   | Noticed Nergalle
 13591 | Lair:1   | Killed Nergalle
 13593 | Lair:1   | Identified the +10 whip "Imuhuen" {holy, rCorr}
 13934 | Lair:1   | Noticed Sonja
 13941 | Lair:1   | Noticed Sonja
 13941 | Lair:1   | Sonja changed into Sonja the rime drake
 13946 | Lair:1   | Killed Sonja the rime drake
 13953 | Lair:1   | Noticed a seven-headed hydra
 13970 | Lair:1   | Killed a two-headed hydra
 13973 | Lair:1   | Identified the +4 scale mail "Fuirgh" {Will+ Str+4 Dex+3}
 14225 | Lair:1   | Reached skill level 15 in Fighting
 14687 | Lair:2   | Noticed a seven-headed hydra
 14689 | Lair:2   | Noticed Malacante's ghost (journeyman GnCA)
 14702 | Lair:2   | Noticed Erica
 14706 | Lair:2   | Killed Erica
 14886 | Lair:2   | Noticed a boulder beetle
 14889 | Lair:2   | Found a transporter.
 14889 | Lair:2   | Noticed a seven-headed hydra
 15187 | Lair:2   | Noticed an eight-headed hydra
 15201 | Lair:2   | Killed a two-headed hydra
 15654 | Lair:2   | Found a basalt altar of Yredelemnul.
 15758 | Lair:2   | Found a transporter.
 16268 | Lair:3   | Noticed Rupert
 16447 | Lair:3   | Reached XP level 13. HP: 128/128 MP: 14/14
 16640 | Lair:3   | Killed Rupert
 17880 | Lair:4   | Found a staircase to the Swamp.
 17970 | Lair:4   | Found a hole to the Spider Nest.
 18482 | Lair:4   | Found a blossoming altar of Fedhas.
 19095 | Lair:5   | Found a dark tunnel.
 19117 | Volcano  | Entered a volcano
 19590 | Lair:5   | Reached XP level 14. HP: 139/140 MP: 15/15
 20195 | Lair:5   | Found a staircase to the Slime Pits.
 20785 | Orc:1    | Entered Level 1 of the Orcish Mines
 21056 | Orc:1    | Found a runed translucent gate.
 21056 | Orc:1    | Noticed Dootley's ghost (journeyman FoFi)
 21057 | Orc:1    | Found a runed translucent gate.
 21057 | Orc:1    | Identified the +1 chain mail of the Spheres {rCorr SInv
                  | Stlth+}
 21058 | Orc:1    | Found a runed translucent gate.
 21067 | Orc:1    | Identified the +9 great sword "Bobyis" {pain, rF+ Dex+5}
 21071 | Orc:1    | Found a roughly hewn altar of Beogh.
 21380 | Orc:2    | Entered Level 2 of the Orcish Mines
 21381 | Orc:2    | Found a staircase to the Elven Halls.
 21527 | Orc:2    | Noticed a tentacled starspawn
 21542 | Orc:2    | Noticed Erolcha
 21574 | Orc:2    | Noticed GEC's ghost (journeyman DsGl)
 21593 | Orc:2    | Found a one-way gate to the infinite horrors of the Abyss.
 21593 | Orc:2    | Noticed a purple very ugly thing
 21594 | Orc:2    | Found a transporter.
 21595 | Orc:2    | Found a transporter.
 21623 | Orc:2    | Killed Erolcha
 22750 | Orc:2    | Found Camadd's Book Emporium.
 22754 | Orc:2    | Found Orchoagiy's Jewellery Shop.
 22886 | Orc:2    | Found Woith's Assorted Antiques.
 22887 | Orc:2    | Found Oneucuq's Armour Shoppe.
 22910 | Orc:2    | Bought the +2 plate armour of Valiance {Slay+2} for 726
                  | gold pieces
 23180 | Orc:2    | Noticed an orc warlord
 23492 | Orc:1    | Found Boj Qapi's General Store.
 23522 | Orc:1    | Bought 2 potions of curing for 84 gold pieces
 24183 | Orc:1    | Reached XP level 15. HP: 61/149 MP: 16/16
 24183 | Orc:1    | Killed Dootley's ghost
 24543 | Orc:1    | Identified the +0 cloak of Integrity {+Blink rPois}
 24688 | Lair:5   | Identified the +4 flail of Reuh {flame, rF+ Int+5 Dex+3}
 24697 | Lair:6   | Entered Level 6 of the Lair of Beasts
 24734 | Lair:6   | Got Miopaixt's Disquisition on Icy Dark Magic
 25089 | Lair:6   | Found a large runed translucent door.
 25973 | Lair:6   | Found a large runed translucent door.
 26652 | D:10     | Entered Level 10 of the Dungeon
 26654 | D:10     | Found a broken altar of Ashenzari.
 27012 | D:10     | Found an opulent altar of Gozag.
 27207 | D:10     | Found a stormy altar of Qazlal.
 28420 | D:12     | Found the +6 Majin-Bo {vamp, MP+6 Int+6}
 28859 | D:12     | Found Uteaxoe's Antique Weapon Shoppe.
 29136 | D:13     | Reached XP level 16. HP: 150/159 MP: 17/17
 29256 | D:13     | Found a gate to the Vaults.
 30254 | D:14     | Noticed Frances
 30268 | D:14     | Killed Frances
 30512 | D:14     | Reached skill level 15 in Armour
 31407 | D:15     | Entered Level 15 of the Dungeon
 31558 | D:15     | Identified the +0 robe "Piskeen" {Drain rPois Int+2}
 31824 | D:15     | Found a staircase to the Depths.
 32357 | D:15     | Paralysed by an ogre mage for 7 turns
 32651 | D:15     | Reached XP level 17. HP: 78/169 MP: 18/18
 33299 | D:15     | Found a shadowy altar of Dithmenos.
 33740 | Temple   | Fell from the grace of Ignis
 33740 | Temple   | Became a worshipper of Warmaster Okawaru
 33948 | Spider:1 | Entered Level 1 of the Spider Nest
 34035 | Spider:1 | Noticed Shayle's ghost (adept DjWr)
 34044 | Spider:1 | Found a transporter.
 34058 | Spider:1 | Found a transporter.
 34099 | Spider:1 | Reached skill level 1 in Invocations
 34228 | Spider:1 | Reached * piety under Okawaru
 35270 | Spider:2 | Reached ** piety under Okawaru
 36003 | Spider:1 | Reached *** piety under Okawaru
 36425 | Spider:2 | You are sucked into a shaft and drop 1 floor!
 36629 | Spider:2 | Reached skill level 5 in Invocations
 37517 | Spider:2 | Reached **** piety under Okawaru
 38137 | Spider:3 | Found a large runed translucent door.
 38468 | Spider:3 | Found a large runed translucent door.
 38471 | Spider:3 | Noticed EnronHubbard's ghost (adept HOFE)
 38826 | Spider:4 | Entered Level 4 of the Spider Nest
 38854 | Spider:3 | Reached ***** piety under Okawaru
 38925 | Spider:3 | Reached XP level 18. HP: 145/179 MP: 4/22
 39474 | Spider:4 | Received a gift from Okawaru
 39478 | Spider:4 | Found a frozen archway.
 39481 | IceCv    | Entered an ice cave
 40275 | IceCv    | Noticed an Ice Fiend
 40292 | IceCv    | Killed an Ice Fiend
 40512 | IceCv    | Was forgiven by Ignis
 41113 | Spider:4 | Noticed Donald
 41141 | Spider:4 | Killed Donald
 41142 | Spider:4 | Reached skill level 1 in Crossbows
 41900 | Spider:4 | Received a gift from Okawaru
 44215 | Spider:4 | Got a gossamer rune of Zot
 44441 | Swamp:1  | Entered Level 1 of the Swamp
 44641 | Swamp:1  | Found a bloodstained altar of Trog.
 44678 | Swamp:1  | Noticed Kirke
 44693 | Swamp:1  | Killed Kirke
 44926 | Swamp:1  | Reached XP level 19. HP: 187/188 MP: 25/25
 45515 | Swamp:1  | Received a gift from Okawaru
 45614 | Swamp:2  | Noticed Jorgrun
 45624 | Swamp:1  | Killed Jorgrun
 45822 | Swamp:2  | Reached skill level 5 in Crossbows
 46320 | Arena    | Entered the Arena
 46997 | Swamp:2  | Found a large runed translucent door.
 46998 | Swamp:2  | Found a large runed translucent door.
 47024 | Swamp:2  | Noticed Urghud's ghost (journeyman MiBe)
 47426 | Swamp:2  | Identified the +1 helmet of Riywnoiff {Int+2}
 47723 | Swamp:3  | Reached skill level 10 in Invocations
 47749 | Swamp:3  | Noticed Bai Suzhen
 47771 | Swamp:3  | Killed Bai Suzhen
 47771 | Swamp:3  | Received a gift from Okawaru
 48131 | Swamp:3  | Found a transporter.
 48286 | Swamp:3  | Found a transporter.
 48287 | Swamp:3  | Noticed finalsalamander's ghost (adept NaWn)
 48300 | Swamp:3  | Noticed Aizul
 48311 | Swamp:3  | Killed Aizul
 49099 | Swamp:4  | Entered Level 4 of the Swamp
 49516 | Swamp:3  | Received a gift from Okawaru
 49815 | Swamp:4  | Reached ****** piety under Okawaru
 49884 | Swamp:3  | Received a gift from Okawaru
 50636 | Swamp:4  | Received a gift from Okawaru
 50637 | Swamp:4  | Noticed the 27-headed Lernaean hydra
 50658 | Swamp:4  | Killed the 22-headed Lernaean hydra
 50659 | Swamp:4  | Reached XP level 20. HP: 91/198 MP: 28/28
 51161 | Swamp:4  | Got a decaying rune of Zot
 51736 | D:12     | Found Uteaxoe's Antique Weapon Shoppe.
 52047 | Vaults:1 | Entered Level 1 of the Vaults
 52278 | Orc:2    | Bought the ring of Jeahocs {Will+ rCorr} for 413 gold
                  | pieces
 52487 | Vaults:1 | Received a gift from Okawaru
 53050 | Vaults:1 | Noticed vegansnacktivist's ghost (adept DDFi)
 53058 | Vaults:1 | Found a runed translucent gate.
 53058 | Vaults:1 | Found a runed translucent gate.
 53058 | Vaults:1 | Found a runed translucent gate.
 54336 | Vaults:2 | Reached skill level 27 in Axes
 54532 | Vaults:2 | Found Lienelimo's Weapon Shop.
 54880 | Vaults:2 | Noticed Boris
 54882 | Vaults:2 | Reached skill level 10 in Crossbows
 54892 | Vaults:2 | Killed Boris
 54906 | Vaults:2 | Received a gift from Okawaru
 54909 | Vaults:2 | Noticed Xtahua
 54931 | Vaults:2 | Killed Xtahua
 54932 | Vaults:2 | Reached XP level 21. HP: 102/207 MP: 30/30
 56345 | Vaults:2 | Identified the ring of Wisdom {rF+ SInv}
 56346 | Vaults:2 | Noticed Nikola
 56363 | Vaults:2 | Killed Nikola
 56364 | Vaults:2 | Identified the ring "Qytuf" {rPois rF+ rC+ Str+2}
 56379 | Arena    | Entered the Arena
 56418 | Vaults:2 | Received a gift from Okawaru
 56429 | Vaults:2 | Identified the +2 leather armour of Qazlal's Envy {Will+
                  | Regen+ Stlth-}
 56436 | Vaults:2 | Noticed Mennas
 56438 | Arena    | Entered the Arena
 57033 | Vaults:2 | Identified the +9 hand axe of the Eight Nightmares {holy,
                  | Fragile +Rage rElec Int+3}
 57073 | Vaults:2 | Received a gift from Okawaru
 57106 | Vaults:2 | Reached skill level 1 in Dodging
 57264 | Vaults:2 | Killed Mennas
 57934 | Vaults:3 | Received a gift from Okawaru
 57937 | Vaults:3 | Reached skill level 1 in Evocations
 58221 | Arena    | Entered the Arena
 58224 | Arena    | Received a gift from Okawaru
 58225 | Arena    | Reached XP level 22. HP: 22/217 MP: 24/32
 58679 | Vaults:3 | Received a gift from Okawaru
 59138 | Vaults:3 | Found a staircase to the Crypt.
 59612 | Vaults:3 | Found Olacubu's Weapon Emporium.
 59836 | Vaults:3 | Reached skill level 15 in Invocations
 59903 | Vaults:3 | Noticed a dread lich
 59916 | Vaults:3 | Killed a dread lich
 59916 | Vaults:3 | Received a gift from Okawaru
 61669 | Vaults:4 | Found Qedastri's Book Shop.
 61703 | Vaults:4 | Found Lohyuze's General Store.
 62174 | Vaults:4 | Bought the +7 lajatang of Order {silver, rMut} for 876 gold
                  | pieces
 62174 | Vaults:4 | Found the +7 lajatang of Order {silver, rMut}
 62191 | Vaults:5 | Entered Level 5 of the Vaults
 62346 | Vaults:5 | Reached skill level 5 in Evocations
 62378 | Vaults:5 | Received a gift from Okawaru
 62409 | Vaults:5 | Reached skill level 1 in Staves
 62413 | Arena    | Entered the Arena
 62422 | Arena    | Received a gift from Okawaru
 62524 | Arena    | Entered the Arena
 62529 | Arena    | Reached skill level 5 in Dodging
 62793 | Vaults:5 | Reached XP level 23. HP: 187/227 MP: 34/34
 63066 | Vaults:5 | Received a gift from Okawaru
 63108 | Arena    | Entered the Arena
 63444 | Vaults:5 | Noticed a golden dragon
 63454 | Vaults:5 | Killed a golden dragon
 64277 | Vaults:5 | Got Xujata's Compendium of Arcane Weapons
 64392 | Vaults:5 | Got Qobleof's Tome of Ignition and the Birds
 64395 | Vaults:5 | Got the Tome of Shifting Curses
 64397 | Vaults:5 | Got a silver rune of Zot
 64437 | Vaults:5 | Identified the +1 ring mail of Levity {Dex+3}
 64482 | Vaults:5 | Identified the amulet of the Genius {Regen+ Stlth+}
 64583 | Vaults:5 | Identified the +3 battleaxe "Giarghij" {antimagic, Int+2
                  | Dex-4 Stlth+} (Okawaru gifted it to you on level 5 of the
                  | Vaults)
 64583 | Vaults:5 | Received a gift from Okawaru
 64739 | Arena    | Entered the Arena
 64807 | Arena    | Entered the Arena
 65664 | Vaults:5 | Reached skill level 5 in Staves
 65753 | Vaults:5 | Received a gift from Okawaru
 66149 | Vaults:5 | Reached XP level 24. HP: 221/231 MP: 35/35
 66573 | Depths:1 | Entered Level 1 of the Depths
 66583 | Depths:1 | Received a gift from Okawaru
 66837 | Depths:1 | Paralysed by a floating eye for 3 turns
 66889 | Depths:1 | Found a sparkling altar of Nemelex Xobeh.
 66991 | Depths:1 | Received a gift from Okawaru
 67488 | Depths:1 | Received a gift from Okawaru
 68110 | Depths:1 | Found a gateway to Hell.
 68150 | Depths:1 | Found a white marble altar of Elyvilon.
 68151 | Depths:1 | Found a glowing golden altar of the Shining One.
 68162 | Depths:1 | Found a glowing silver altar of Zin.
 69180 | Depths:2 | Identified the ring of Rizolan {rPois rCorr Slay+3 Stlth+}
 69801 | Depths:3 | Noticed Margery
 70071 | Depths:3 | Killed Margery
 70262 | Depths:3 | Reached XP level 25. HP: 187/249 MP: 35/35
 70850 | Depths:3 | Received a gift from Okawaru
 70876 | Depths:3 | Found a gateway to a ziggurat.
 71192 | Depths:3 | Reached skill level 10 in Evocations
 71195 | Depths:3 | Received a gift from Okawaru
 71199 | Depths:3 | Identified the +7 mace of the Hidden Vale {antimagic, Str+3
                  | Int+2 Stlth+}
 72244 | Depths:3 | Found a one-way gate leading to the halls of Pandemonium.
 72878 | Vaults:4 | Bought a scroll of blinking for 105 gold pieces
 73453 | Orc:2    | Killed GEC's ghost
 73752 | Lair:2   | Killed Malacante's ghost
 74575 | Swamp:2  | Killed Urghud's ghost
 74762 | Swamp:3  | Killed finalsalamander's ghost
 74794 | Swamp:3  | Acquired the +2 helmet of Firiovuo {-Cast rElec rPois
                  | Str+3}
 74992 | Spider:3 | Killed EnronHubbard's ghost
 75322 | Vaults:1 | Killed vegansnacktivist's ghost
 75649 | Orc:2    | Bought 3 scrolls of teleportation for 270 gold pieces
 76492 | Depths:4 | Identified the +8 battleaxe of Reinforcement {protect, rC+}
 76493 | Depths:4 | Noticed a dread lich
 76494 | Depths:4 | Noticed Heuseom's ghost (adept NaFi)
 77108 | Depths:4 | Received a gift from Okawaru
 77108 | Depths:4 | Found the +27 Lear's hauberk
 77123 | Depths:4 | Found a runed translucent door.
 77503 | Depths:4 | Found a runed translucent door.
 77738 | Depths:5 | Entered Level 5 of the Depths
 77869 | Depths:5 | Reached XP level 26. HP: 250/261 MP: 36/36
 77993 | Depths:5 | Found a gate to the Realm of Zot.
 79059 | Depths:5 | Identified the +1 war axe "Dicyeng" {vorpal, rElec rPois
                  | rN+ Str-5}
 79182 | Zot:1    | Entered Level 1 of the Realm of Zot
 79183 | Arena    | Entered the Arena
 79276 | Arena    | Entered the Arena
 79284 | Arena    | Reached skill level 10 in Dodging
 79322 | Arena    | Entered the Arena
 79327 | Arena    | Identified the +2 robe of the Imp {Contam +Inv Str+2}
                  | (Okawaru gifted it to you in the Arena)
 79327 | Arena    | Received a gift from Okawaru
 79367 | Arena    | Entered the Arena
 79406 | Arena    | Entered the Arena
 79920 | Zot:1    | Noticed an orb of fire
 80315 | Depths:5 | Killed an orb of fire
 80655 | Zot:1    | Reached skill level 10 in Staves
 82006 | Zot:2    | Reached XP level 27. HP: 271/271 MP: 36/36
 82071 | Zot:2    | Identified the +4 plate armour of Entitlement {rPois Regen+
                  | SInv Stlth+} (Okawaru gifted it to you on level 2 of the
                  | Realm of Zot)
 82071 | Zot:2    | Received a gift from Okawaru
 82813 | Zot:2    | Reached skill level 27 in Fighting
 82956 | Zot:2    | Identified the +0 buckler of the World {*Slow rPois rCorr}
 84205 | Zot:3    | Identified the amulet of Peace {Faith Str+3 Int+7 Stlth-}
 84627 | Zot:3    | Received a gift from Okawaru
 85162 | Zot:3    | Acquired a manual of Evocations
 85216 | Zot:3    | Received a gift from Okawaru
 86426 | Zot:3    | Identified the +4 plate armour of Distant Shores {Will+}
                  | (Okawaru gifted it to you on level 3 of the Realm of Zot)
 86426 | Zot:3    | Received a gift from Okawaru
 86431 | Arena    | Entered the Arena
 86933 | Arena    | Entered the Arena
 87795 | Zot:5    | Entered Level 5 of the Realm of Zot
 88342 | Zot:5    | Reached skill level 15 in Evocations
 89912 | Zot:5    | Noticed an orb of fire
 89916 | Zot:5    | Gained mutation: Your body sometimes deteriorates upon
                  | taking damage. [an orb of fire]
 89922 | Zot:5    | Gained mutation: You are frail. (-10% HP) [an orb of fire]
 89922 | Zot:5    | Gained mutation: Your body often deteriorates upon taking
                  | damage. [an orb of fire]
 89924 | Zot:5    | Gained mutation: You are weak. (Str -2) [an orb of fire]
 89930 | Zot:5    | Gained mutation: You tend to lose your temper in combat.
                  | [an orb of fire]
 89933 | Zot:5    | Lost mutation: You are weak. (Str -2) [potion of mutation]
 89933 | Zot:5    | Lost mutation: You are frail. (-10% HP) [potion of
                  | mutation]
 89933 | Zot:5    | Gained mutation: You passively map a small area around you.
                  | [potion of mutation]
 89933 | Zot:5    | Gained mutation: Your spells are a little harder to cast,
                  | but a little more powerful. [potion of mutation]
 89944 | Zot:5    | Killed an orb of fire
 90250 | Zot:5    | Noticed an orb of fire
 90252 | Zot:5    | Noticed an orb of fire
 90252 | Zot:5    | Lost mutation: Your spells are a little harder to cast, but
                  | a little more powerful. [an orb of fire]
 90259 | Zot:5    | Killed an orb of fire
 90262 | Zot:5    | Noticed an orb of fire
 90267 | Zot:5    | Gained mutation: You are frail. (-10% HP) [an orb of fire]
 90268 | Zot:5    | Gained mutation: You occasionally shout uncontrollably at
                  | your foes. [an orb of fire]
 90269 | Zot:5    | Gained mutation: You sometimes lose the ability to read
                  | scrolls when taking damage. [an orb of fire]
 90273 | Zot:5    | Lost mutation: You sometimes lose the ability to read
                  | scrolls when taking damage. [potion of mutation]
 90273 | Zot:5    | Lost mutation: Your body often deteriorates upon taking
                  | damage. [potion of mutation]
 90273 | Zot:5    | Lost mutation: You tend to lose your temper in combat.
                  | [potion of mutation]
 90273 | Zot:5    | Gained mutation: Your muscles are strong. (Str +2) [potion
                  | of mutation]
 90282 | Zot:5    | Gained mutation: You do not regenerate when monsters are
                  | visible. [an orb of fire]
 90295 | Arena    | Entered the Arena
 90300 | Arena    | Received a gift from Okawaru
 90336 | Zot:5    | HP: 2/245 [orb of fire/fireball (18)]
 90336 | Zot:5    | Killed from afar by an orb of fire

Illustrated notes

Levels and vault maps discovered:
D:1:      dpeg_arrival_tiny_a, layout_loops_cross,
          ebering_ecumenical_altar_abandoned
D:2:      layout_loops_ring
D:3:      layout_basic, kennysheep_generic_room_3, uniq_robin
D:4:      layout_basic, minmay_temple_entry_junction, minmay_between
D:5:      layout_layer_cave, serial_shops, shop
D:6:      layout_loops_ring, roderic_malta_cross
D:7:      layout_loops_ring, lemuel_round_altar, enter_ossuary_2,
          serial_aquarium, aquarium_bridge_long_separate
          [aquarium_subvault_balcony, aquarium_subvault_window,
          aquarium_subvault_bridge, aquarium_subvault_bridge,
          aquarium_subvault_wall, aquarium_subvault_window], aquarium_window_3,
          aquarium_window_fake, aquarium_window_1, aquarium_window_1,
          aquarium_view_2d, aquarium_view_2f, hangedman_decor_slide_cut
D:8:      layout_basic, kennysheep_little_box, trog_ov_bears_minmay,
          nicolae_ru_path_of_blood, minmay_crossroads
D:9:      layout_big_octagon, mainiacjoe_overflow_alcove_4, dpeg_lair_monsters,
          minmay_orc_entry_guard_dogs, centaur_isle
D:10:     layout_roguey, mainiacjoe_overflow_paths,
          mainiacjoe_overflow_alcove_2, kennysheep_mini, dk_rats_in_the_wall
D:11:     layout_small_grid, lightli_fourway_metalbox
D:12:     layout_irregular_city, serial_shops, nicolae_shop_crystal,
          serial_glass, glass_columns_a, glass_columns_a, glass_columns_a,
          glass_columns_c, glass_columns_c, glass_columns_a, glass_columns_a,
          glass_columns_a, glass_columns_a, glass_columns_b
D:13:     layout_roguey, lightli_vaults_fourway_checkpoint
D:14:     layout_irregular_city, serial_rivers, chequers_serial_rivers_micro_b,
          chequers_serial_rivers_micro_b, chequers_serial_rivers_small_b,
          chequers_serial_rivers_small_3, columned_hall_lemuel, uniq_frances
D:15:     gammafunk_depths_entry_grave, layout_loops_corners,
          grunt_dithmenos_shadows
Temple:   minmay_temple_curvy_branch
Lair:1:   layout_cellular_growth, grunt_megastairs_3, uniq_nergalle, uniq_sonja
Lair:2:   layout_small_grid, nzn_ghost_randoct, basic_altar, serial_rivers,
          chequers_serial_rivers_small_b, chequers_serial_rivers_large_a,
          chequers_serial_rivers_micro_b, chequers_serial_rivers_micro_a,
          chequers_serial_rivers_micro_a, uniq_erica
Lair:3:   layout_regular_city, beast_lair_carwin_2, uniq_rupert
Lair:4:   layout_loops_ring, minmay_swamp_entry_wisps, spider_nest_entry_a,
          tgw_fedhas
Lair:5:   layout_gridlike, minmay_slime_entry_oklob_enclosed,
          nicolae_volcano_entry_vermiform, minivault_19, grunt_megastairs_2
Lair:6:   cheibrodos_lair_end_hotspot, layout_loops_ring,
          chequers_serial_rivers_room_b
Swamp:1:  layout_falls_marsh, lemuel_altar_in_water, infiniplex_staircase_pool,
          uniq_kirke
Swamp:2:  layout_basic_swamp, ebering_ghost_disaster_area,
          nicolae_swamp_big_swirl, swamp_pool1, nicolae_swamp_treefoil,
          nicolae_swamp_catching_bugs, uniq_jorgrun
Swamp:3:  nicolae_swamp_wrong_neighborhood, layout_basic_swamp,
          gammafunk_ghost_mausoleum, evilmike_swamp_ruin_house_4,
          uniq_bai_suzhen, uniq_aizul
Swamp:4:  swamp, layout_basic_swamp, swamp_pool1
Spider:1: layout_spider_delve, gammafunk_ghost_berserking_beasts
Spider:2: layout_chambers, nicolae_spider_cling_ruins,
          nicolae_spider_moth_buddies
Spider:3: layout_spider_delve, ebering_ghost_disaster_area,
          nicolae_spider_rock_and_or_roll
Spider:4: spider_rune_water, portal_ice_cave_entry_ugly_swarm,
          nicolae_spider_some_kinda_spiderbox, uniq_donald
Orc:1:    layout_caves, serial_shops, shop, biasface_ghost_orc_armoury
Orc:2:    st_orc_open, layout_caves, gammafunk_ghost_abyssal_escape,
          uniq_erolcha
Vaults:1: gammafunk_vaults_ghost_split, vaults_room_guarded_vault,
          hangedman_vaults_pinch, ontoclasm_vaults_fault, v_misc_24,
          vaults_dpeg_doors, nicolae_vaults_windows_and_doors_thing,
          ontoclasm_vaults_hangar, ontoclasm_vaults_loading_screen,
          layout_vaults_big_room
Vaults:2: dpeg_vaults_monster_row, ontoclasm_vaults_gateway,
          hangedman_vaults_cutoff, hangedman_vaults_nodes, v_misc_2,
          nicolae_vaults_border_crossing, st_greater_box_1,
          nicolae_vaults_little_squares_2, v_rooms_2,
          vaults_room_stairs_pillars, vaults_dpeg_diagonal, layout_vaults_maze,
          serial_shops, shop, uniq_boris, uniq_nikola, uniq_mennas, uniq_xtahua
Vaults:3: v_misc_29, v_misc_30, nicolae_vaults_what_the_h, v_misc_2, v_misc_27,
          nicolae_vaults_back_hallway, hangedman_vaults_maws, v_alt_pattern_4,
          hangedman_vaults_impose, minmay_crypt_entry_simple_corners,
          st_more_cells, hangedman_vaults_impose, nicolae_vaults_gold_heap,
          layout_vaults_omnicross, serial_shops, shop
Vaults:4: nicolae_vaults_statue_guard, nicolae_vaults_little_squares_4,
          v_misc_26, nicolae_vaults_mini_display_case,
          nicolae_vaults_network_star, ontoclasm_vaults_ring_square,
          nicolae_vaults_asterisk, vaults_room_corners,
          nicolae_vaults_bisected_exclaves, hangedman_vaults_nails,
          layout_vaults_omnigrid, serial_shops, shop, shop
Vaults:5
Depths:1: nzn_winding_woodlands_medium [nzn_winding_woodlands_hourglass,
          nzn_winding_woodlands_5x15_parted, nzn_winding_woodlands_5x5_cross,
          nzn_winding_woodlands_5x5_open_star,
          nzn_winding_woodlands_center_pierced_h,
          nzn_winding_woodlands_5x5_checkerboard,
          nzn_winding_woodlands_5x5_perimeter,
          nzn_winding_woodlands_5x15_lazy_stream,
          nzn_winding_woodlands_5x5_default], layout_cave_pools, hell_entry,
          good_gods_mini_temple, minmay_misc_feat_roman,
          nemelex_spade_bored_becter
Depths:2: minmay_the_grid_triangle_9x9_rhombus_thin
          [minmay_the_grid_triangle_9x9_impossible_snake,
          minmay_the_grid_triangle_9x9_prize_center,
          minmay_the_grid_triangle_9x9_descending_squares,
          minmay_the_grid_triangle_9x9_sparse_checkered], layout_gridlike,
          abyss_entry, infiniplex_staircase_zigzag_2, hell_entry
Depths:3: four-leaf_vault, layout_twisted_cross, enter_ziggurat_a,
          grunt_hell_entry_dis_grunt, grunt_pan_entry_zigzag,
          grunt_megastairs_5, uniq_margery
Depths:4: kennysheep_room_grid, layout_gridville,
          hangedman_abyss_or_decor_lesser_grid, abyss_entry,
          muffindrake_ghost_dual_entry, pan_entry, hell_entry,
          infiniplex_staircase_pool_2
Depths:5: grunt_zot_entry_tricorne, layout_small_grid, minmay_misc_feat_room,
          lightli_too_deep
Zot:1:    layout_gridville
Zot:2:    minmay_elemental_castle, layout_basic, hangedman_elemental_grid_stream
Zot:3:    nicolae_zot_stationary_front, layout_gridlike
Zot:4:    layout_basic, grunt_ministairs_2
Zot:5:    layout_basic

Skill      XL: |  1  2  3  4  5  6  7  8  9 10 11 12 13 14 15 16 17 18 19 20 21 22 23 24 25 26 27 |
---------------+----------------------------------------------------------------------------------+-----
Armour         | 1 2 3 4 6 8 9 11 12 13 14 15 16 17 18 19 20 21 22 23 24 | 24.5
Fighting       | 4 5 6 7 10 12 14 15 17 18 19 20 21 22 23 24 25 26 27 | 27.0
Axes           | 5 7 9 10 13 14 16 18 20 21 23 24 25 26 27 | 27.0
Shields        | 1 2 3 |  3.2
Invocations    | 6 9 11 12 14 15 16 17 18 19 20 | 20.0
Crossbows      | 4 7 10 11 | 11.8
Dodging        | 2 5 6 8 9 10 12 | 12.8
Evocations     | 1 5 7 9 11 12 15 | 15.9
Staves         | 1 5 7 9 10 12 | 12.7
Spellcasting   | |  1.0
Fire Magic     | |  3.2

Action                   |  1- 3 |  4- 6 |  7- 9 | 10-12 | 13-15 | 16-18 | 19-21 | 22-24 | 25-27 || total
-------------------------+-------+-------+-------+-------+-------+-------+-------+-------+-------++-------
Melee: Hand axe          |    19 |     5 |       |    21 |    60 |     8 |     3 |       |       ||   116
       Dagger            |    15 |    79 |       |       |       |       |       |       |       ||    94
       Executioner's axe |       |    11 |   192 |   267 |   653 |   880 |   849 |  1010 |  1276 ||  5138
       Battleaxe         |       |       |       |       |       |     5 |     2 |       |       ||     7
       Whip              |       |       |       |       |       |       |       |       |    43 ||    43
 Fire: Hand crossbow     |       |     3 |       |       |       |    33 |    62 |    21 |   149 ||   268
 Cast: Scorch            |    24 |    30 |       |       |       |       |       |       |       ||    54
Invok: Foxfire Swarm     |       |       |       |       |     5 |       |       |       |       ||     5
       Finesse           |       |       |       |       |       |     3 |     2 |       |     3 ||     8
       Duel              |       |       |       |       |       |       |     4 |     5 |     8 ||    17
Evoke: Wand              |       |       |       |     1 |       |    11 |       |       |       ||    12
  Use: Scroll            |       |    14 |     4 |    12 |     5 |     9 |     6 |    10 |    13 ||    73
       Potion            |       |       |       |       |     5 |     5 |     2 |     2 |     6 ||    20
 Stab: Sleeping          |       |       |       |       |       |     1 |       |       |       ||     1
Armor: Robe              |     4 |       |       |       |       |       |       |       |       ||     4
       Leather armour    |       |    21 |       |       |       |       |       |       |       ||    21
       Animal skin       |       |     1 |       |       |       |       |       |       |       ||     1
       Chain mail        |       |    12 |     4 |       |       |       |       |       |       ||    16
       Plate armour      |       |       |   141 |   178 |   200 |   826 |   117 |       |       ||  1462
       Scale mail        |       |       |       |    44 |   190 |       |       |       |       ||   234
       Storm dragon scal |       |       |       |       |       |       |   470 |   169 |       ||   639
       Gold dragon scale |       |       |       |       |       |       |       |   367 |   979 ||  1346
Dodge: Dodged            |    15 |    41 |    41 |   126 |   267 |   406 |   403 |   320 |   565 ||  2184
Block: Buckler           |       |    11 |       |       |       |       |       |       |       ||    11

Table legend: (Time is in decaauts)
 A = Elapsed time spent in this place.
 B = Non-inter-level travel time spent in this place.
 C = Inter-level travel time spent in this place.
 D = Time resting spent in this place.
 E = Time spent auto-exploring this place.
 F = Levels seen in this place.
 G = Mean time per level.
                   A        B        C        D        E       F      G
               +--------+--------+--------+--------+--------+-----+--------+
         Total |  89498 |  82604 |   6894 |  29480 |  34799 |  67 | 1335.8 |
       Dungeon |  22822 |  19746 |   3076 |   4768 |  11236 |  15 | 1521.5 |
        Temple |    300 |    272 |     28 |      0 |    246 |   1 |  300.0 |
          Lair |   9627 |   8613 |   1014 |   2159 |   4852 |   6 | 1604.5 |
         Swamp |   7000 |   6577 |    423 |   3041 |   2098 |   4 | 1750.0 |
   Spider Nest |   9013 |   8653 |    360 |   4223 |   2692 |   4 | 2253.2 |
  Orcish Mines |   3762 |   3336 |    426 |    917 |   1446 |   2 | 1881.0 |
        Vaults |  14337 |  13303 |   1034 |   4872 |   5016 |   5 | 2867.4 |
        Depths |  10263 |   9875 |    388 |   3416 |   4626 |   5 | 2052.6 |
           Zot |   9477 |   9335 |    142 |   4546 |   2178 |   5 | 1895.4 |
       Ossuary |    479 |    479 |      0 |      0 |    267 |   1 |  479.0 |
      Ice Cave |   1523 |   1523 |      0 |   1099 |    119 |   1 | 1523.0 |
       Volcano |    280 |    280 |      0 |    105 |     21 |   1 |  280.0 |
         Arena |    607 |    607 |      0 |    330 |      0 |  17 |   35.7 |
               +--------+--------+--------+--------+--------+-----+--------+

Top non-repeatable levels by time:
Vaults:5: 3711 daAuts
Vaults:2: 3537 daAuts
Spider:3: 2893 daAuts
     D:8: 2810 daAuts
   Zot:3: 2767 daAuts
Depths:3: 2728 daAuts
Vaults:3: 2612 daAuts
   Zot:2: 2417 daAuts
Vaults:1: 2356 daAuts
Spider:2: 2245 daAuts
    D:15: 2176 daAuts
     D:9: 2157 daAuts
Vaults:4: 2119 daAuts
Depths:5: 2076 daAuts
 Swamp:2: 2050 daAuts
